 Dungeon Crawl Stone Soup version 0.20.1-1-g8b1a95d (webtiles) character file.

154 equalderp2856 the Skirmisher (level 5, -4/41 HPs)
             Began as a Mummy Fighter on Oct 23, 2017.
             Slain by a worker ant (6 damage)
             ... on level 4 of the Dungeon.
             The game lasted 00:03:35 (2741 turns).

equalderp2856 the Skirmisher (Mummy Fighter)        Turns: 2741, Time: 00:03:36

Health: -4/41      AC:  6    Str: 19    XL:     5   Next: 13%
Magic:  7/7        EV:  7    Int:  9    God:
Gold:   153        SH:  9    Dex: 11    Spells: 6/6 levels left

rFire    x . .     SeeInvis .   a - +0 war axe
rCold    + . .     Gourm    .   c - +0 shield
rNeg     + + +     Faith    .   b - +0 scale mail
rPois    ∞         Spirit   .   (no helmet)
rElec    .         Reflect  .   (no cloak)
rCorr    .         Harm     .   (no gloves)
MR       .....                  (no boots)
Stlth    ..........             (no amulet)
Regen    0.2/turn               (no ring)
MPRegen  0.1/turn               (no ring)

@: no status effects
A: no food or potions, fire vulnerability, cold resistance 1, negative energy
resistance 3, torment resistance, unbreathing
a: no special abilities


You were on level 4 of the Dungeon.
You were not hungry.

You visited 1 branch of the dungeon, and saw 4 of its levels.

You collected 153 gold pieces.

Inventory:

Hand Weapons
 a - a +0 war axe (weapon)
Armour
 b - a +0 scale mail (worn)
 c - a +0 shield (worn)
Scrolls
 d - 2 scrolls of identify {unknown}
 e - a scroll of magic mapping {unknown}
 f - a scroll of random uselessness {unknown}
 h - 2 scrolls of teleportation {unknown}
 i - a scroll of immolation {unknown}
 j - a scroll of enchant weapon {unknown}
Books
 g - a book of Changes

   Spells                             Type                      Level
   a - Beastly Appendage              Transmutation                1
   b - Sticks to Snakes               Transmutation                2
   c - Spider Form                    Transmutation/Poison         3
   d - Ice Form                       Ice/Transmutation            4
   e - Blade Hands                    Transmutation                5


   Skills:
 + Level 3.4 Fighting
 + Level 2.7 Axes
 + Level 3.2 Armour
 + Level 0.7 Dodging
 + Level 2.9 Shields
 * Level 1.3 Spellcasting


You had 6 spell levels left.
You didn't know any spells.

Dungeon Overview and Level Annotations

Branches:
Dungeon (4/15)
 Temple: D:4-7

Altars:
Elyvilon
Yredelemnul

Annotations:
D:4 Robin


Innate Abilities, Weirdness & Mutations

You do not eat or drink.
Your flesh is vulnerable to fire.
You are immune to poison.
Your flesh is cold resistant. (rC+)
You are immune to negative energy. (rN+++)
You are immune to unholy pain and torment.
You can survive without breathing.


Message History

The worker ant bites you but does no damage.
You barely miss the worker ant.
The worker ant is severely wounded.
You closely miss the adder. You block the worker ant's attack.
You block the adder's attack. The worker ant completely misses you.
You block the adder's attack.
Unknown command.
You closely miss the worker ant.
The worker ant is severely wounded.
You closely miss the adder. The worker ant bites you.
* * * LOW HITPOINT WARNING * * *
The adder bites you.
* * * LOW HITPOINT WARNING * * *
The worker ant bites you but does no damage.
You hit the worker ant but do no damage.
The worker ant is severely wounded.
You closely miss the adder. You block the adder's attack.
The worker ant bites you but does no damage.
The adder closely misses you.
The phantom blinks!
The worker ant bites you.
You die...

.# .. #############
## #....#.#....#.
..#..#.W.#..#......
..W...............#
...................
#.:...#§...........
#.###.#a###########
# # #@# #...S.#
#.....# #$....#
#######


You could see a phantom, a worker ant and an adder.

Vanquished Creatures
  A hound (D:4)
  5 adders
  2 worms (D:2)
  A dart slug (D:1)
  3 orcs
  4 giant cockroaches
  15 goblins
  4 hobgoblins
  A jackal (D:2)
  3 kobolds
  2 quokkas (D:3)
  A ball python (D:1)
  14 bats
  4 frilled lizards
  9 rats
  A spectral orc (D:2)
70 creatures vanquished.

Notes
Turn   | Place    | Note
-------+----------+-------------------------------------------
     0 | D:1      | equalderp2856 the Mummy Fighter began the quest for the Orb.
     0 | D:1      | Reached XP level 1. HP: 18/18 MP: 1/1
   247 | D:1      | Reached XP level 2. HP: 24/24 MP: 2/2
   801 | D:2      | Reached XP level 3. HP: 20/29 MP: 3/3
  1669 | D:2      | Found a basalt altar of Yredelemnul.
  1717 | D:2      | Reached XP level 4. HP: 24/35 MP: 4/4
  2496 | D:3      | Found a white marble altar of Elyvilon.
  2616 | D:4      | Noticed Robin
  2715 | D:4      | Noticed a phantom
  2731 | D:4      | Reached skill level 1 in Spellcasting
  2731 | D:4      | Reached XP level 5. HP: 17/41 MP: 6/6
  2740 | D:4      | HP: 2/41 [adder (3)]
  2741 | D:4      | Slain by a worker ant

Skill      XL: |  1  2  3  4 |
---------------+-------------+-----
Axes           | 2 |  2.7
Armour         | 3 |  3.2
Spellcasting   | 1 |  1.3
Fighting       | |  3.4
Dodging        | |  0.7
Shields        | |  2.9

Action                   |  1- 3 |  4- 6 || total
-------------------------+-------+-------++-------
Melee: War axe           |   146 |   113 ||   259
Armor: Scale mail        |    90 |    67 ||   157
Dodge: Dodged            |    60 |    47 ||   107
Block: Shield            |    85 |    66 ||   151
